Map: Defender's Landing LE

Players

SortOf

  • Race: Zerg Zerg
  • Spawn Location: 1:00

Avokado - Winner!

  • Race: Terran Terran
  • Spawn Location: 7:00

Event: WCS Jonkoping 2017

VOD

Have the link to the VOD?

Description

Time

  • Played on: June 17, 2017, 10:33 a.m.
  • Length: 6:50

All games in this series

Show
View Real Time Build Order
Export as new Build Order

SortOf Zerg 

Build Orders: Pool First, Ravager All-In 

Get SALT Encoding   

  12  0:17  Spawning Pool  
  11  0:22  Drone  
  11  0:27  Drone  
  13  0:33  Drone  
  14  0:37  Extractor  
  14  0:38  Drone  
  14  0:43  Extractor  
  14  0:46  Drone  
  14  0:55  Overlord  
  14  1:09  Roach Warren  
  13  1:14  Zergling x2  
  14  1:20  Drone  
  15  1:48  Roach x2  
  15  1:49  Roach  
  21  2:00  Overlord  
  20  2:20  Ravager x3  
  20  2:21  Roach  
  25  2:25  Drone  
  26  2:41  Drone  
  27  2:53  Hatchery  
  27  2:56  Ravager  
  27  2:59  Drone  
  27  3:03  Drone  
  29  3:20  Evolution Chamber, Queen  
  29  3:24  Overlord  
  31  3:42  Metabolic Boost  
  31  3:44  Drone x2  
  31  3:45  Drone  
  34  3:56  Roach  
  34  4:00  Queen  
  38  4:05  Drone  
  38  4:08  Roach  
  41  4:17  Overlord  
  41  4:19  Drone  
  42  4:30  Drone x2  
  44  4:33  Overlord  
  44  4:37  Roach  
  46  4:40  Roach  
  46  4:43  Overlord  
  48  4:47  Ravager  
  49  4:57  Zergling x2  
  49  4:58  Zergling x2  
  51  5:07  Zergling x10  
  56  5:14  Zergling x2  
  56  5:15  Zergling x6  
  61  5:21  Ravager  
  61  5:25  Roach  
  63  5:34  Roach x2  
  67  5:37  Zergling x2  
  67  5:39  Overlord  
  68  5:45  Overlord  
  68  5:58  Zergling x10  
  71  6:12  Zergling x10  
  76  6:19  Zergling x4  
  68  6:28  Zergling x6  
Show
View Real Time Build Order
Export as new Build Order

Avokado Terran - Winner!

Build Orders:  

Get SALT Encoding   

  12  0:00  SCV  
  13  0:12  SCV  
  14  0:17  Supply Depot  
  14  0:24  SCV  
  14  0:27  Refinery  
  15  0:38  SCV  
  16  0:44  Barracks  
  16  0:50  SCV  
  17  1:01  Barracks  
  17  1:06  SCV  
  18  1:18  SCV  
  19  1:31  Orbital Command  
  19  1:33  Reaper  
  19  1:39  Barracks  
  20  1:48  Reaper  
  20  1:52  Supply Depot  
  21  1:55  Refinery  
  21  1:59  SCV  
  22  2:05  Reaper  
  23  2:13  SCV  
  24  2:22  Reaper  
  25  2:28  Reaper  
  25  2:29  SCV  
  27  2:34  Supply Depot  
  27  2:37  Reaper  
  27  2:41  SCV  
  29  2:53  SCV  
  29  2:54  Reaper  
  31  3:01  Command Center  
  31  3:05  SCV, Reaper  
  33  3:09  Reaper  
  34  3:15  Supply Depot  
  34  3:21  SCV  
  34  3:26  Reaper  
  35  3:33  SCV  
  36  3:37  Reaper  
  37  3:41  Reaper  
  37  3:45  SCV  
  37  3:46  Barracks  
  37  3:47  Barracks  
  39  3:57  SCV  
  39  3:58  Reaper  
  41  4:09  SCV, Reaper  
  43  4:13  Reaper  
  43  4:16  Orbital Command  
  44  4:22  Refinery  
  44  4:23  Refinery  
  44  4:31  Reaper  
  45  4:32  SCV  
  45  4:34  Engineering Bay  
  45  4:35  Barracks Tech Lab  
  45  4:36  Barracks Tech Lab  
  46  4:41  Reaper  
  46  4:42  SCV  
  48  4:50  SCV  
  48  4:52  Supply Depot  
  50  4:54  SCV  
  51  5:02  SCV  
  51  5:06  SCV  
  53  5:07  Combat Shields  
  53  5:09  Barracks Reactor  
  53  5:13  Marine  
  54  5:14  SCV  
  54  5:16  Barracks Reactor  
  54  5:18  SCV  
  54  5:19  Marauder  
  57  5:21  Barracks Reactor  
  57  5:26  SCV  
  58  5:30  SCV, Marine  
  60  5:38  SCV  
  60  5:39  Marine  
  60  5:42  SCV  
  63  5:43  Supply Depot  
  63  5:46  Marine x2  
  63  5:49  Marauder  
  67  5:51  SCV  
  67  5:53  Marine x2  
  67  5:56  Supply Depot x2  
  70  6:05  Marine x3, SCV  
  70  6:10  Marine x2  
  75  6:12  Marauder, Marine  
  75  6:17  Marine  
  77  6:29  Marauder  
  77  6:30  Marine  
  73  6:36  SCV  
Tags
 
Add a new tag
Caveats
  • Supply blocks, unpowered buildings, or Contaminate may cause inaccurate times.
  • Supply counts are checked every 10 seconds.